 Dungeon Crawl Stone Soup version 0.30-a0-57-g8b159a9891 (webtiles) character file.

Game seed: 13437814184510950864

96 PentaManta the Changer (level 4, 0/32 HPs)
             Began as a Merfolk Transmuter on Sept 11, 2022.
             Shot with an arrow by a centaur (12 damage)
             ... on level 3 of the Dungeon.
             The game lasted 00:03:54 (3351 turns).

PentaManta the Changer (Merfolk Transmuter)         Turns: 3351, Time: 00:03:54

Health: 0/32       AC:  4    Str: 10    XL:     4   Next: 67%
Magic:  7/7        EV: 12    Int: 14    God:
Gold:   81         SH:  0    Dex: 14    Spells: 1/7 levels left

rFire   . . .      SeeInvis .      - Unarmed
rCold   . . .      Faith    .    (no shield)
rNeg    . . .      Spirit   .    a - +0 robe
rPois   .          Reflect  .    (no helmet)
rElec   .          Harm     .    (no cloak)
rCorr   .          Rampage  .    g - +0 pair of gloves
Will    .....                    h - +0 pair of boots
Stlth   +.........               (no amulet)
HPRegen 0.10/turn                (no ring)
MPRegen 0.10/turn                (no ring)

@: no status effects
A: (nimble swimmer 2), mertail
a: no special abilities


You were on level 3 of the Dungeon.
You visited 1 branch of the dungeon, and saw 4 of its levels.

You collected 81 gold pieces.

Inventory:

Missiles
 k - 5 poisoned darts
Armour
 a - a +0 robe (worn)
 g - a +0 pair of gloves (worn)
 h - a +0 pair of boots (worn)
 r - a +0 kite shield
Jewellery
 l - an amulet of magic regeneration
Wands
 m - a wand of iceblast (11)
Scrolls
 c - 6 scrolls of identify {unknown}
 f - a scroll of immolation {unknown}
 n - a scroll of noise {unknown}
 s - a scroll of magic mapping {unknown}
 t - a scroll of brand weapon {unknown}
 u - a scroll of vulnerability {unknown}
 v - a scroll of enchant weapon {unknown}
Potions
 b - 2 potions of lignification
 d - 4 potions of curing {unknown}
 e - a potion of attraction {unknown}
 i - a potion of brilliance {unknown}
 j - 2 potions of heal wounds {unknown}
 o - a potion of mutation {unknown}
 p - a potion of flight {unknown}
 q - a potion of cancellation {unknown}
 w - a potion of might {unknown}


   Skills:
 - Level 1.1 Fighting
 - Level 2.6 Dodging
 - Level 3.2 Unarmed Combat
 - Level 2.0 Spellcasting
 + Level 6.3 Transmutations


You had one spell level left.
You knew the following spells:

 Your Spells              Type           Power      Damage    Failure   Level
a - Beastly Appendage     Tmut           38%        N/A       1%          1
b - Spider Form           Tmut/Pois      10%        N/A       21%         3
c - Wereblood             Tmut           19%        N/A       2%          2

Your spell library contained the following spells:

 Spells                   Type           Power      Damage    Failure   Level
 Slow                     Hex            4%         N/A       24%         1
 Ice Form                 Ice/Tmut       10%        N/A       54%         4
 Confusing Touch          Hex            1%         N/A       56%         3
 Gell's Gravitas          Tloc           1%         N/A       56%         3
 Teleport Other           Tloc           1%         N/A       56%         3
 Vampiric Draining        Necr           1%         2d6       56%         3
 Passage of Golubria      Tloc           1%         N/A       93%         4
 Silence                  Hex/Air        0%         N/A       100%        5
 Dispersal                Tloc           0%         N/A       100%        6
 Lehudib's Crystal Spear  Conj/Erth      0%         10d2      100%        8


Dungeon Overview and Level Annotations

Branches:
Dungeon (4/15)
 Temple: D:4-7

Altars:
Cheibriados
Qazlal


Innate Abilities, Weirdness & Mutations

((You are very nimble when in or above water. (Stealth+, EV+, Speed+++)))
Your lower body shifts to a powerful aquatic tail in water.


Message History

Your horns disappear.
Your +0 pair of boots unmelds from your body.
HP restored.
s - a scroll labelled PEREOL UCIL
There is a stone staircase leading down here.
Found a dagger.
You now have 53 gold pieces (gained 6).
Found a stone staircase leading up.
You now have 63 gold pieces (gained 10).
Found 2 stones.
You now have 68 gold pieces (gained 5).
Found a stone staircase leading down.
There is a stone staircase leading down here.
t - a scroll labelled BOTUEMUOZE
Casting: Beastly Appendage (safe; 1% risk of failure)
Confirm with . or Enter, or press ? or * to list all spells.
Okay, then.
You now have 75 gold pieces (gained 7).
You now have 81 gold pieces (gained 6).
u - a scroll labelled WAUPAZXICUNA
v - a scroll labelled CUK GO UCVATSU
Found a snail-covered altar of Cheibriados.
Found a stormy altar of Qazlal.
w - a dark potion
There is a stone staircase leading up here.
There is a stormy altar of Qazlal here.
There is a stone staircase leading up here.
Found a stone staircase leading up.
c - 6 scrolls labelled SOTENA KUPP (gained 1)
There is a stone staircase leading up here.
You see here a +0 short sword.
A centaur and a frilled lizard come into view.
The frilled lizard hisses angrily.
The centaur wields a +0 shortbow.
The centaur shoots an arrow.
The arrow hits you.
There are monsters nearby!
The centaur shoots an arrow.
The arrow hits you.
The centaur shoots an arrow.
The arrow hits you!
The centaur shoots an arrow.
The arrow hits you!
You die...

#.# #.......##..... #.#
#....c..######. #.#
#.....l.# #. ####.####
#.......# #. #..<)...#
#.......# ###. #.##.##.#
#.......# #... #.##....#
#.# #.##
#.##....######c# #.#
#.##....@......# #.#
#.###.#..####### #.#
#........# #.#
#####.##.#############.#
#..................##
####.###....#.###....
#.......##.# #.###
#####.#.##.# #.###
#.#.##.# #.##.


You could see a centaur.

Vanquished Creatures
  An orc priest (D:3)
  A worm (D:2)
  2 orcs (D:3)
  4 ball pythons
  9 endoplasms
  3 giant cockroaches
  2 goblins
  4 hobgoblins
  5 jackals (D:1)
  4 kobolds
  3 quokkas
  6 bats
  4 frilled lizards
  8 rats
56 creatures vanquished.

Notes
Turn   | Place    | Note
-------+----------+-------------------------------------------
     0 | D:1      | PentaManta the Merfolk Transmuter began the quest for the
                  | Orb.
     0 | D:1      | Reached XP level 1. HP: 15/15 MP: 3/3
   133 | D:1      | Reached skill level 3 in Transmutations
   358 | D:1      | Reached XP level 2. HP: 20/21 MP: 3/5
   612 | D:1      | Found a faded altar of an unknown god.
   626 | D:1      | Reached skill level 4 in Transmutations
   889 | D:1      | Reached XP level 3. HP: 15/26 MP: 6/6
  1507 | D:1      | Learned a level 3 spell: Spider Form
  1510 | D:1      | Learned a level 2 spell: Wereblood
  1715 | D:2      | Reached skill level 5 in Transmutations
  2683 | D:3      | Reached XP level 4. HP: 32/32 MP: 5/7
  2736 | D:3      | Reached skill level 6 in Transmutations
  2952 | D:3      | You fall into a shaft and drop 1 floor!
  3169 | D:3      | Found a snail-covered altar of Cheibriados.
  3173 | D:3      | Found a stormy altar of Qazlal.
  3344 | D:3      | Noticed a centaur
  3351 | D:3      | Shot with an arrow by a centaur

Illustrated notes

Levels and vault maps discovered:
D:1:      heliophobic_arrival_henge, layout_basic,
          shapermc_ecumenical_altar_mp_highgroup
D:2:      kennysheep_six_static_rooms, layout_basic, grunt_decor_clamped
D:3:      layout_loops_cross, grunt_temple_overflow_open, minivault_23,
          grunt_decor_resistance
D:4:      layout_cave_pools, palyth_stone_intersect, chequers_avenue,
          kennysheep_generic_room_14

Skill      XL: |  1  2  3  4 |
---------------+-------------+-----
Transmutations | 3 4 5 6 |  6.3
Fighting       | |  1.1
Dodging        | |  2.6
Unarmed Combat | |  3.2
Spellcasting   | |  2.0

Action                   |  1- 3 |  4- 6 || total
-------------------------+-------+-------++-------
Melee: Unarmed           |   152 |    18 ||   170
       Headbutt          |    26 |     1 ||    27
       Punch             |     4 |       ||     4
 Cast: Beastly Appendage |    34 |     4 ||    38
       Spider Form       |       |     1 ||     1
 Stab: Sleeping          |     2 |       ||     2
Armor: Robe              |    35 |     2 ||    37
Dodge: Dodged            |    89 |    13 ||   102

Table legend: (Time is in decaauts)
 A = Elapsed time spent in this place.
 B = Non-inter-level travel time spent in this place.
 C = Inter-level travel time spent in this place.
 D = Time resting spent in this place.
 E = Time spent auto-exploring this place.
 F = Levels seen in this place.
 G = Mean time per level.
                   A        B        C        D        E       F      G
               +--------+--------+--------+--------+--------+-----+--------+
         Total |   3339 |   3307 |     32 |    338 |   2475 |   4 |  834.8 |
       Dungeon |   3339 |   3307 |     32 |    338 |   2475 |   4 |  834.8 |
               +--------+--------+--------+--------+--------+-----+--------+

Top non-repeatable levels by time:
     D:1: 1505 daAuts
     D:2: 978 daAuts
     D:3: 847 daAuts
     D:4: 8 daAuts
